 Dungeon Crawl Stone Soup version 0.31-a0-237-g2d982f9f85 (webtiles) character file.

Game seed: 4126751348148255547

1283 qw the Skirmisher (level 8, -1/48 HPs)
             Began as a Gargoyle Hexslinger on July 11, 2023.
             Slain by a hound (5 damage)
             ... on level 6 of the Dungeon.
             The game lasted 00:02:32 (4535 turns).

qw the Skirmisher (Gargoyle Hexslinger)             Turns: 4535, Time: 00:02:32

Health: -1/48      AC: 13    Str: 12    XL:     8   Next: 55%
Magic:  9/9        EV: 15    Int: 14    God:
Gold:   322        SH:  5    Dex: 14    Spells: 8/9 levels left

rFire   . . .        Y - +2 sling
rCold   . . .        (no shield)
rNeg    + . .        f - +0 ring mail
rPois   inf          q - +1 helmet
rElec   +            (no cloak)
rCorr   .            (no gloves)
SInv    .            (no boots)
Will    .....        i - amulet of reflection
Stlth   +            b - +5 ring of evasion
HPRegen 0.28/turn    (no ring)
MPRegen 0.11/turn

%: reflection
@: no status effects
A: sickness immunity, AC +5, negative energy resistance 1, electricity
resistance, torment resistance 1, petrification resistance
a: no special abilities


You were on level 6 of the Dungeon.
You visited 1 branch of the dungeon, and saw 6 of its levels.

You collected 322 gold pieces.


Innate Abilities, Weirdness & Mutations

You are immune to sickness and miasma.
Your stone body is resilient. (AC +5)
You are immune to poison.
You resist negative energy. (rN+)
You are resistant to electric shocks. (rElec)
You are resistant to unholy torment.
You are immune to petrification.


   Skills:
 + Level 4.3 Fighting
 - Level 8.3 Ranged Weapons
 - Level 4.7 Armour
 - Level 1.5 Dodging
 - Level 1.0 Spellcasting
 - Level 2.6 Hexes


You had 8 spell levels left.
You knew the following spells:

 Your Spells              Type           Power      Damage    Failure   Level
a - Slow                  Hex            32%        N/A       19%         1

Your spell library contained the following spells:

 Spells                   Type           Power      Damage    Failure   Level
 Inner Flame              Hex/Fire       4%         N/A       67%         3
 Portal Projectile        Hex/Tloc       8%         N/A       67%         3
 Cause Fear               Hex            4%         N/A       88%         4

Inventory:

Hand Weapons
 Y - a +2 sling (weapon)
Armour
 f - a +0 ring mail (worn)
 q - a +1 helmet (worn)
Jewellery
 b - a +5 ring of evasion (left hand)
 i - an amulet of reflection (around neck)
 k - a ring of fire
Scrolls
 a - a scroll of identify
Potions
 c - 2 potions of degeneration {unknown}
 g - 2 potions of might
 h - a potion of haste
 l - a potion of resistance
 m - a potion of cancellation {unknown}
 p - a potion of mutation {unknown}
 r - a potion of brilliance {unknown}

Dungeon Overview and Level Annotations

Branches:
Dungeon (6/15)
 Temple: D:4-7

Altars:
Ashenzari
Gozag

Shops:
D:2 =


Message History

Maggie smiles, but it's obviously fake.
You block Maggie's attack.
You shoot a sling bullet.
The sling bullet hits Maggie but does no damage.
Maggie is almost dead.
Maggie hits you with a +0 morningstar of flaming!
Maggie burns you.
You shoot a sling bullet. The sling bullet barely misses Maggie.
Maggie gestures at you while chanting. The bolt of fire hits you!
You shoot a sling bullet. The sling bullet hits Maggie.
You are no longer entranced.
You kill Maggie!
The hound bites you but does no damage.
Your Ranged Weapons skill increases to level 8!
You shoot a sling bullet.
The sling bullet barely misses the hound.
The hound barely misses you. The hound bites you but does no damage.
You shoot a sling bullet. The sling bullet hits the hound.
The hound is moderately wounded.
The hound barely misses you.
You shoot a sling bullet. The sling bullet hits the hound.
The hound is moderately wounded.
The hound bites you but does no damage. You block the hound's attack.
You shoot a sling bullet. The sling bullet hits the hound.
The hound is moderately wounded.
The hound bites you but does no damage. x2
You shoot a sling bullet. The sling bullet hits the hound.
The hound is heavily wounded.
The hound bites you but does no damage. The hound barely misses you.
You shoot a sling bullet.
The sling bullet hits the hound but does no damage.
The hound is heavily wounded.
The hound bites you but does no damage.
You shoot a sling bullet. The sling bullet misses the hound.
The hound closely misses you. x2
You shoot a sling bullet. The sling bullet hits the hound.
The hound is severely wounded.
The hound bites you.
You die...

#........#.##.#
#.#.####.#.##.#
#.#.# #.#.##.#
#.#.# #.#.##.#
#.#.# #.#.##.#
..#.. ..#.##.#
##### ###.##.#
#.# #@#
?.....h.#
#########


You could see a hound.

Vanquished Creatures
  Maggie (D:6)
  Grinder (D:2)
  A shadow (D:5)
  A black bear (D:5)
  An ogre (D:4)
  A lemure (D:6)
  A scorpion (D:5)
  3 hounds
  A jelly (D:5)
  2 iguanas
  An orc wizard (D:5)
  4 gnolls (D:5)
  4 adders
  A shadow imp (D:6)
  A white imp (D:5)
  3 ufetubi
  A worm (D:3)
  3 dart slugs
  19 orcs
  4 endoplasms
  2 giant cockroaches (D:1)
  6 goblins
  8 hobgoblins
  4 jackals (D:5)
  4 quokkas
  10 ball pythons
  6 bats
  2 frilled lizards (D:1)
  5 kobolds
  3 rats (D:3)
104 creatures vanquished.

Notes
Turn   | Place    | Note
-------+----------+-------------------------------------------
     0 | D:1      | qw the Gargoyle Hexslinger began the quest for the Orb.
     0 | D:1      | Reached XP level 1. HP: 12/12 MP: 2/2
     0 | D:1      | 0 ||| qw: Version: 0.3-a-52-g30416fa
     0 | D:1      | 0 ||| qw: Game counter: 5478
     0 | D:1      | 0 ||| qw: Melee chars always use a shield: true
     0 | D:1      | 0 ||| qw: God list: Okawaru
     0 | D:1      | 0 ||| qw: Allow faded altars: false
     0 | D:1      | 0 ||| qw: Do Orc after clearing Dungeon:15 true
     0 | D:1      | 0 ||| qw: Do second Lair branch before Depths: true
     0 | D:1      | 0 ||| qw: Lair rune preference: random
     0 | D:1      | 0 ||| qw: Goals: Normal
     0 | D:1      | 0 ||| PLANNING D:1-11
    94 | D:1      | Reached XP level 2. HP: 16/16 MP: 3/3
   177 | D:1      | Reached skill level 3 in Ranged Weapons
   650 | D:1      | 650 ||| UPGRADING to +0 ring mail.
   660 | D:1      | 660 ||| DROPPING +0 robe.
   661 | D:1      | 661 ||| READING 4 scrolls labelled LUMENE EMEUMP.
   662 | D:1      | 662 ||| READING 3 scrolls of identify.
   662 | D:1      | 662 ||| IDENTIFYING dark potion
   663 | D:1      | 663 ||| DROPPING scroll of poison.
   682 | D:2      | Reached XP level 3. HP: 21/21 MP: 4/4
  1123 | D:2      | Found Odatuluh's Jewellery Boutique.
  1131 | D:2      | 1131 ||| SHOPLISTING +5 ring of evasion (468 gold, have
                  | 109).
  1131 | D:2      | 1131 ||| SHOPLISTING +6 ring of dexterity (468 gold, have
                  | 109).
  1131 | D:2      | 1131 ||| SHOPLISTING +6 ring of strength (468 gold, have
                  | 109).
  1131 | D:2      | 1131 ||| SHOPLISTING amulet of reflection (390 gold, have
                  | 109).
  1131 | D:2      | 1131 ||| SHOPLISTING amulet of the acrobat (390 gold, have
                  | 109).
  1131 | D:2      | 1131 ||| SHOPLISTING ring of Apuduuf {rF- rN+++ rCorr Str-4
                  | Dex+6} (704 gold, have 109).
  1131 | D:2      | 1131 ||| SHOPLISTING ring of protection from fire (325
                  | gold, have 109).
  1131 | D:2      | 1131 ||| SHOPLISTING ring of resist corrosion (260 gold,
                  | have 109).
  1131 | D:2      | 1131 ||| SHOPLISTING ring of willpower (325 gold, have
                  | 109).
  1299 | D:2      | 1299 ||| READING scroll labelled AWAULO JAPIM.
  1300 | D:2      | 1300 ||| READING scroll labelled YTEQAOF TAOVAI.
  1300 | D:2      | Identified a scroll of acquirement
  1300 | D:2      | 1300 ||| ACQUIRING +5 ring of evasion
  1300 | D:2      | Acquired a +5 ring of evasion
  1302 | D:2      | 1302 ||| UPGRADING to +5 ring of evasion.
  1303 | D:2      | 1303 ||| READING scroll labelled MEHUOD GIRARPHA.
  1304 | D:2      | 1304 ||| READING scroll labelled WECINO DIDI.
  1320 | D:2      | 1320 ||| READING scroll labelled QANAHA RENEOWO.
  1321 | D:2      | 1321 ||| READING 2 scrolls of identify.
  1321 | D:2      | 1321 ||| IDENTIFYING murky white potion
  1425 | D:3      | Reached XP level 4. HP: 12/26 MP: 5/5
  1762 | D:3      | Reached skill level 4 in Ranged Weapons
  1857 | D:3      | Noticed Grinder
  1858 | D:3      | 1858 ||| FLEEEEING.
  1860 | D:3      | 1860 ||| FLEEEEING.
  1861 | D:3      | 1861 ||| FLEEEEING.
  1862 | D:3      | 1862 ||| FLEEEEING.
  1885 | D:3      | Paralysed by Grinder for 2 turns
  1892 | D:3      | 1892 ||| FLEEEEING.
  1897 | D:3      | 1897 ||| FLEEEEING.
  1898 | D:3      | 1898 ||| FLEEEEING.
  1899 | D:3      | 1899 ||| FLEEEEING.
  1909 | D:3      | 1909 ||| STAIRDANCE
  1944 | D:2      | 1944 ||| UPGRADING to amulet of reflection.
  1949 | D:2      | 1949 ||| READING 2 scrolls labelled WYOXTU WYJACOSS.
  1952 | D:2      | 1952 ||| READING scroll labelled SIGHUBL YRHOS.
  1996 | D:3      | Paralysed by Grinder for 3 turns
  2011 | D:3      | 2011 ||| FLEEEEING.
  2011 | D:3      | Paralysed by Grinder for 3 turns
  2014 | D:3      | 2014 ||| FLEEEEING.
  2015 | D:3      | 2015 ||| FLEEEEING.
  2018 | D:3      | 2018 ||| STAIRDANCE
  2086 | D:3      | Paralysed by Grinder for 2 turns
  2089 | D:3      | 2089 ||| STAIRDANCE
  2096 | D:2      | Paralysed by Grinder for 2 turns
  2100 | D:2      | Killed Grinder
  2101 | D:2      | Reached XP level 5. HP: 20/30 MP: 6/6
  2101 | D:2      | Reached XP level 6. HP: 24/35 MP: 7/7
  2213 | D:3      | 2213 ||| READING scroll labelled MIDISMA YGAODGHA.
  2459 | D:4      | Reached skill level 5 in Ranged Weapons
  2819 | D:4      | Reached XP level 7. HP: 40/40 MP: 8/8
  3262 | D:4      | 3262 ||| UPGRADING to +0 helmet.
  3267 | D:4      | 3267 ||| READING scroll of enchant armour.
  3267 | D:4      | 3267 ||| ENCHANTING +0 helmet.
  3268 | D:4      | 3268 ||| READING 2 scrolls labelled KERPHE FOSAYSI.
  3269 | D:4      | 3269 ||| DRINKING 2 cyan potions.
  3270 | D:4      | 3270 ||| READING 2 scrolls of identify.
  3270 | D:4      | 3270 ||| IDENTIFYING black potion
  3271 | D:4      | 3271 ||| DROPPING potion of attraction.
  3272 | D:4      | 3272 ||| DROPPING scroll of immolation.
  3331 | D:5      | Entered Level 5 of the Dungeon
  3367 | D:5      | Reached skill level 3 in Fighting
  3715 | D:5      | Reached skill level 6 in Ranged Weapons
  3811 | D:5      | Noticed a shadow
  3833 | D:5      | HP: 7/43 [shadow (8)]
  3834 | D:5      | 3834 ||| READING scroll of teleportation.
  3835 | D:5      | 3835 ||| DRINKING 2 potions of heal wounds.
  4023 | D:5      | Killed a shadow
  4024 | D:5      | Reached XP level 8. HP: 37/48 MP: 9/9
  4030 | D:5      | 4030 ||| FLEEEEING.
  4090 | D:5      | Reached skill level 7 in Ranged Weapons
  4111 | D:5      | Identified the +6 trident of the Scorching Spider {drain,
                  | Str+2 Stlth+}
  4183 | D:5      | 4183 ||| READING 3 scrolls of identify.
  4183 | D:5      | 4183 ||| IDENTIFYING coppery potion
  4184 | D:5      | 4184 ||| READING 2 scrolls of identify.
  4184 | D:5      | 4184 ||| IDENTIFYING fizzy white potion
  4185 | D:5      | 4185 ||| DROPPING potion of magic.
  4336 | D:6      | Found a broken altar of Ashenzari.
  4337 | D:6      | Found an opulent altar of Gozag.
  4472 | D:6      | Noticed Maggie
  4498 | D:6      | HP: 12/48 [Maggie/+0 morningstar of flaming (9)]
  4499 | D:6      | 4499 ||| DRINKING 2 potions of heal wounds.
  4521 | D:6      | HP: 8/48 [Maggie/+0 morningstar of flaming (13)]
  4522 | D:6      | 4522 ||| DRINKING potion of heal wounds.
  4526 | D:6      | HP: 1/48 [Maggie/bolt of fire (8)]
  4527 | D:6      | Killed Maggie
  4528 | D:6      | Reached skill level 8 in Ranged Weapons
  4535 | D:6      | Slain by a hound

Levels and vault maps discovered:
D:1:      ldierk_walled_garden, layout_basic
D:2:      layout_basic, serial_shops, shop
D:3:      layout_rooms, uniq_grinder
D:4:      nicolae_cairo_tiling_large, layout_basic, grunt_decor_mini_mirrors
D:5:      layout_basic, serial_rivers, chequers_serial_rivers_micro_a,
          chequers_serial_rivers_micro_b, chequers_serial_rivers_micro_c,
          chequers_serial_rivers_room_b, chequers_serial_rivers_micro_a,
          chequers_serial_rivers_room_a
D:6:      layout_basic, gammafunk_temple_overflow_statue, uniq_maggie,
          uniq_pikel, uniq_sigmund

Skill      XL: |  1  2  3  4  5  6  7  8 |
---------------+-------------------------+-----
Ranged Weapons | 3 4 5 6 8 |  8.3
Fighting       | 2 4 |  4.3
Armour         | 4 |  4.7
Dodging        | |  1.5
Spellcasting   | |  1.0
Hexes          | |  2.6

Action                     |  1- 3 |  4- 6 |  7- 9 || total
---------------------------+-------+-------+-------++-------
   Fire: Sling             |   155 |   149 |   296 ||   600
    Use: Scroll            |     8 |     3 |     6 ||    17
         Potion            |       |       |     4 ||     4
 Armour: Robe              |    15 |       |       ||    15
         Ring mail         |    13 |    10 |    68 ||    91
  Dodge: Dodged            |    56 |    68 |   152 ||   276
  Block: Other             |       |    13 |    44 ||    57

Table legend:
 A = Non-vault XP
 B = Vault XP
 C = Vault XP percentage of total XP
 D = Non-vault monster count
 E = Vault monster count
 F = Vault count percentage of total count
                 A         B        C        D         E       F
            +---------+---------+-------+---------+---------+-------
      Total |    1133 |     701 |  38.2 |     101 |       2 |   1.9
            +---------+---------+-------+---------+---------+-------
        D:1 |      32 |       0 |   0.0 |      22 |       0 |   0.0
        D:2 |      26 |     277 |  91.4 |      13 |       1 |   7.1
        D:3 |      51 |       0 |   0.0 |      16 |       0 |   0.0
        D:4 |     243 |       0 |   0.0 |      20 |       0 |   0.0
        D:5 |     715 |       0 |   0.0 |      27 |       0 |   0.0
        D:6 |      66 |     424 |  86.5 |       3 |       1 |  25.0
            +---------+---------+-------+---------+---------+-------
